 Dungeon Crawl Stone Soup version 0.18-a0-1323-g706dcef (webtiles) character file.

307093 M4edhros the Evocator (level 21, 0/137 HPs)
             Began as an Octopode Artificer on Feb 15, 2016.
             Was the Champion of Fedhas.
             Killed from afar by a deep elf knight (20 damage)
             ... with an orb of energy
             ... on level 2 of the Elven Halls.
             The game lasted 03:28:52 (47221 turns).

M4edhros the Evocator (Octopode Artificer)         Turns: 47221, Time: 03:28:54

Health: 0/137      AC: 12    Str: 10    XL:     21   Next: 17%
Magic:  0/36       EV: 38    Int: 28    God:    Fedhas [******]
Gold:   2344       SH:  2    Dex: 20    Spells: 4 memorised, 26 levels left

rFire  . . .     SeeInvis .     q - +9 rod of inaccuracy (0/16)
rCold  + + .     Gourm    .     (no shield)
rNeg   . . .     Faith    .     N - +1 hat {Spirit}
rPois  .         Spirit   +     m - amulet of regeneration
rElec  +         Dismiss  .     d - +4 ring of evasion
rCorr  .         Reflect  .     w - ring of protection from cold
SustAt .         Harm     .     G - +2 ring of dexterity
MR     ++...     Clarity  +     a - ring of wizardry
Stlth  +++++++++.               O - ring of stealth
                                T - +3 ring of intelligence
                                R - ring of protection from magic
                                t - +4 ring of protection

@: agile, very slightly contaminated, very resistant to hostile enchantments,
incredibly stealthy
A: almost no armour, amphibious, 8 rings, constrict 8, antennae 2, tentacle
spike 2, large bone plates 1, rough black scales 1, camouflage 1, agile 1,
clarity, cold resistance 1, regeneration 1, electricity resistance, gelatinous
body 1, no device heal 1
a: Evolution, Sunlight, Growth, Reproduction, Rain, Renounce Religion
}: 2/15 runes: decaying, serpentine


You were on level 2 of the Elven Halls.
You worshipped Fedhas.
Fedhas was exalted by your worship.
You were not hungry.

You visited 7 branches of the dungeon, and saw 38 of its levels.
You also visited: Wizlab.

You collected 4289 gold pieces.
You spent 1915 gold pieces at shops.

Inventory:

Hand Weapons
 j - a +7 blowgun
 x - the +6 hunting sling of Bodily Humours {freeze, Str+4}
   (You found it on level 5 of the Lair of Beasts)

   It causes projectiles fired from it to freeze those they strike, causing
   extra injury to most foes and up to half again as much damage against
   particularly susceptible opponents.
   They can also slow down cold-blooded creatures.
   It affects your strength (+4).
 y - the +12 Glaive of Prune {chop}
   (You took it off a deep elf annihilator on level 3 of the Elven Halls)

   It inflicts extra damage upon your enemies.
Missiles
 e - 512 stones (quivered)
 C - 11 curare-tipped needles
 Q - 112 sling bullets
Armour
 N - a +1 hat of spirit shield (worn)
Rods
 p - a +4 rod of clouds (12/12)
   (You acquired it on level 4 of the Lair of Beasts)
 q - a +9 rod of inaccuracy (0/16) (weapon)
   (You bought it in a shop on level 4 of the Dungeon)
 v - a +4 lightning rod (14/14)
   (You took it off a deep elf annihilator on level 3 of the Elven Halls)
 A - a +2 lightning rod (14/14)
   (You found it on level 6 of the Dungeon)
Jewellery
 a - a ring of wizardry (on tentacle)
 d - a +4 ring of evasion (left tentacle)
 m - an amulet of regeneration (around mantle)
 t - a +4 ring of protection (on tentacle)
 w - a ring of protection from cold (right tentacle)
 z - the amulet of the Four Winds {rN+ MR+++ Clar}
   (You took it off a deep elf death mage on level 3 of the Elven Halls)

   [amulet of nothing]

   It protects you from negative energy.
   It affects your resistance to hostile enchantments.
   It protects you against confusion.
 G - a +2 ring of dexterity (on tentacle)
 H - an uncursed amulet of guardian spirit
 O - a ring of stealth (on tentacle)
 R - a ring of protection from magic (on tentacle)
 T - a +3 ring of intelligence (on tentacle)
Wands
 c - a wand of enslavement (6/24)
 h - a wand of hasting (2/9)
 n - a wand of heal wounds (4/9)
 E - a wand of teleportation (5/9)
 J - a wand of paralysis (14/24)
 K - a wand of confusion (7/48)
 U - a wand of acid (0/15)
Scrolls
 i - a scroll of blinking
 l - 6 scrolls of fear
 r - 2 scrolls of amnesia
 B - 2 scrolls of enchant armour
 D - 10 scrolls of identify
 I - a scroll of magic mapping
 L - a scroll of fog
 M - 9 scrolls of teleportation
Potions
 b - 2 potions of might
 o - 4 potions of curing
 F - a potion of heal wounds
 S - 2 potions of resistance
 W - a potion of brilliance
 X - 3 potions of agility
Miscellaneous
 g - a sack of spiders {used: 1}
 u - a lamp of fire
 V - 3 phantom mirrors
 Y - a fan of gales (inert)
Comestibles
 f - a bread ration
 k - 37 fruits
 s - 2 beef jerkies
 Z - 2 meat rations


   Skills:
 - Level 10.2 Fighting
   Level 1.0 Short Blades
 - Level 7.2 Polearms
 - Level 10.0 Slings
 + Level 18.6 Dodging
 - Level 15.0 Stealth
 - Level 8.3 Spellcasting
 - Level 2.0 Charms
 - Level 4.0 Necromancy
 - Level 7.1 Invocations
 + Level 23.5 Evocations


You had 26 spell levels left.
You knew the following spells:

 Your Spells              Type           Power        Failure   Level  Hunger
a - Song of Slaying       Chrm           ###.....     1%          2    None
b - Shroud of Golubria    Chrm/Tloc      ###.......   2%          2    None
c - Regeneration          Chrm/Necr      ####......   1%          3    None
d - Mephitic Cloud        Conj/Pois/Air  ##......     6%          3    None


Dungeon Overview and Level Annotations

Branches:
Dungeon (15/15)            Temple (0/1) D:4            Lair (8/8) D:10
  Swamp (4/4) Lair:4        Snake (4/4) Lair:5        Slime (0/6) Lair:6
    Orc (2/2) D:9             Elf (3/3) Orc:2        Vaults (0/5) D:14
 Depths (2/5) D:15

Altars:
Ashenzari
Elyvilon
Fedhas
Gozag
Makhleb
Okawaru
Pakellas
Qazlal
Trog
Yredelemnul
The Shining One
Beogh

Shops:
D:4 }   D:5 :   D:9 [   D:14 =   D:15 =!*!   Orc:2 **}!   Elf:1 =   Snake:2 *
Snake:4 (

Portals:
Hell: Depths:1
Abyss: Depths:1


Innate Abilities, Weirdness & Mutations

You cannot wear most types of armour.
You are amphibious.
You can wear up to eight rings at the same time.
You can use your tentacles to constrict eight enemies at once.
Your skin changes colour to match your surroundings (Stealth).
Your rubbery body absorbs attacks (AC +1).
You have a pair of antennae on your head.
One of your tentacles bears a nasty spike.
You are partially covered in large bone plates (AC +2, SH +2).
You are partially covered in rough black scales (AC +4, Dex -1).
You are agile. (Dex +2)
You possess an exceptional clarity of mind.
Your flesh is cold resistant.
Your natural rate of healing is unusually fast.
You are resistant to electric shocks.
Potions and wands are less effective at restoring your health.


Message History

Blink to where?
Press: ? - help, Dir - move target cursor You are very lightly contaminated with residual magic.
As you read the scroll of blinking, it crumbles to dust.
The sixfirhy disappears in a puff of smoke!
Your deep elf archer shoots an arrow.
The arrow hits the deep elf knight!
The arrow dissolves into shadows!
Evoke which item? (* to show all) (? for menu, Esc to quit)
Aim the lamp in which direction?
Press: ? - help, Dir - move target cursor, f - deep elf knight
Aim: a deep elf knight, wielding a long sword (almost dead, fast)
Okay, then.
Drink which item? (? for menu, Esc to quit)
You feel better.
Your deep elf knight hits itself with a short sword.
Your deep elf archer blinks!
The deep elf knight gestures at you while chanting.
The orb of energy hits you!
You die...
Fedhas appreciates your contribution to the ecosystem.

#..))###...............
#..e)# #.............#.
#.§§## ##...........# #
#..)## ##.....)....## #
#..((###............###
#).e§.#..............#.
##.....................
#.e....##e..##...##...
###..@####.####.####.#
##### ### ### ### ####
#..### #....###
#......### #........#


You could see a deep elf knight and a friendly deep elf knight (confused).

Vanquished Creatures
  An ancient lich (WizLab)
  the Lernaean hydra (Swamp:4)
  Vashnia (Snake:4)
  Nikola (Swamp:4)
  2 deep elf blademasters (Elf:3)
  A deep elf master archer (Elf:3)
  Gastronok (D:9)
  An ancient champion (WizLab)
  Kirke (Snake:4)
  Donald (Swamp:2)
  3 fire giants
  3 deep elf sorcerers
  A frost giant (D:14)
  14 greater nagas
  2 deep elf elementalists (Elf:3)
  Nessos (Orc:2)
  6 very ugly things
  3 stone giants
  A green draconian (Elf:3)
  5 deep elf demonologists
  5 deep elf annihilators (Elf:3)
  Azrael (D:13)
  2 ettins (Depths:1)
  8 deep elf death magi (Elf:3)
  2 jiangshi (Depths:1)
  5 fire dragons
  2 great orbs of eyes
  2 entropy weavers (Depths:1)
  A deep elf high priest (Elf:3)
  A yaktaur captain (D:14)
  2 rakshasas
  2 ice dragons
  15 hydras
  26 naga warriors
  12 anacondas
  4 centaur warriors
  Erica (D:9)
  3 alligators (Swamp:3)
  4 deep troll shamans (Depths:1)
  17 dancing weapons
  Urug (D:11)
  2 deep troll earth magi (Depths:1)
  10 shock serpents
  Sonja (D:13)
  21 naga sharpshooters
  5 orc high priests (Orc:2)
  A vampire mage (Depths:2)
  Nergalle (Lair:1)
  13 deep elf knights
  A fire crab (shapeshifter) (D:14)
  An iron troll (Depths:1)
  4 hell knights (Depths:1)
  3 deep trolls (Depths:1)
  A salamander mystic (Snake:4)
  13 skeletal warriors
  3 sea snakes (Snake:4)
  A spriggan druid (Swamp:3)
  5 swamp dragons (Swamp:4)
  5 hill giants
  15 naga ritualists
  8 deep elf archers
  2 hill giants (shapeshifter)
  A lindwurm (Lair:6)
  5 orc knights (Orc:2)
  11 mana vipers
  2 necromancers (Depths:1)
  2 orc sorcerers
  A hornet (Swamp:3)
  9 salamanders
  43 deep elf magi
  3 griffons
  A manticore (D:15)
  34 black mambas
  5 cyclopes
  9 ugly things
  11 elephants
  4 guardian serpents
  12 naga magi
  2 gargoyles (D:13)
  2 kobold demonologists (D:14)
  13 spiny frogs
  A yaktaur (Depths:1)
  7 komodo dragons
  7 fire drakes
  A tengu conjurer (D:14)
  A freezing wraith (D:14)
  3 polar bears (Lair:5)
  A troll (D:13)
  A polar bear (shapeshifter) (D:14)
  A giant leech (Swamp:1)
  5 two-headed ogres
  18 slime creatures
  32 blink frogs
  A boulder beetle (Lair:8)
  5 redbacks (Depths:1)
  3 spriggans
  A shadow (Swamp:4)
  A centaur simulacrum (D:14)
  4 water elementals
  4 vampires (WizLab)
  3 wraiths
  A wyvern (Lair:8)
  38 yaks
  An air elemental (Elf:2)
  17 vampire mosquitoes
  2 steam dragons (Lair:6)
  4 basilisks
  4 fire elementals
  3 hogs (Snake:4)
  A hungry ghost (D:12)
  4 wargs
  13 hippogriffs
  4 mottled dragons
  20 wolves
  A soldier ant (D:13)
  19 swamp worms
  72 nagas
  2 insubstantial wisps
  18 water moccasins
  9 porcupines
  Duvessa (D:7)
  12 swamp drakes
  29 orc warriors
  2 ice beasts
  2 sky beasts
  2 wasps
  5 boggarts (Depths:1)
  10 ogres
  11 centaurs
  16 crocodiles
  2 big kobolds
  12 giant frogs
  A gnoll sergeant (D:13)
  3 earth elementals
  A scorpion (D:8)
  2 wyvern skeletons
  Dowan (D:7)
  6 killer bees
  A water moccasin skeleton (D:5)
  7 wights
  4 electric eels (D:14)
  8 troll skeletons (WizLab)
  5 crimson imps
  A quasit (D:8)
  3 jellies
  3 centaur skeletons
  25 orc priests
  6 hounds
  18 orc wizards
  A giant frog skeleton (D:8)
  Natasha (twice) (D:2)
  10 iguanas
  14 hell rats
  8 worker ants
  16 sheep
  9 ogre skeletons (WizLab)
  A hound skeleton (D:7)
  8 gnolls
  8 adders
  74 river rats
  A shadow imp (D:7)
  5 oozes
  3 adder skeletons
  2 worms
  3 giant geckos
  69 orcs
  6 bats
  5 giant cockroaches
  9 goblins
  6 hobgoblins
  20 jackals
  18 kobolds
  3 quokkas
  A ball python (D:1)
  A giant gecko skeleton (D:6)
  7 giant newts
  A quokka skeleton (D:7)
  12 rats
  7 ballistomycetes
  A butterfly (Lair:1)
  10 giant spores
  A plant (Snake:4)
  2 toadstools
1328 creatures vanquished.

Vanquished Creatures (collateral kills)
  A deep elf master archer (Elf:3)
  A greater naga (Snake:4)
  A deep elf sorcerer (Elf:3)
  4 deep elf annihilators (Elf:3)
  A deep elf demonologist (Elf:3)
  2 deep elf death magi (Elf:3)
  Snorg (D:11)
  A deep elf high priest (Elf:3)
  6 naga warriors
  2 hydras
  An ogre mage (Depths:1)
  2 dancing weapons (Elf:2)
  A shock serpent (Snake:4)
  An unseen horror (D:10)
  A swamp dragon (Swamp:4)
  A deep elf archer (Elf:2)
  A hill giant (D:11)
  2 necromancers (Depths:1)
  An orc sorcerer (Elf:2)
  2 mana vipers (Snake:4)
  3 deep elf magi
  An elephant (Lair:4)
  An ugly thing (D:11)
  2 black mambas (Snake:1)
  4 naga magi
  5 spiny frogs
  2 guardian serpents (Snake:4)
  A komodo dragon (Lair:7)
  A fire drake (Lair:4)
  3 giant leeches
  A polar bear (Lair:5)
  8 blink frogs
  2 slime creatures
  2 spriggans
  A wyvern (D:14)
  11 yaks
  Grum (D:11)
  2 fire elementals
  A vampire mosquito (Swamp:1)
  A steam dragon (Lair:8)
  A hippogriff (Lair:3)
  A wolf (D:11)
  4 nagas (Snake:4)
  2 mottled dragons
  A swamp worm (Swamp:2)
  An insubstantial wisp (Swamp:3)
  A water moccasin (Lair:6)
  A hell hound (D:13)
  5 porcupines
  A phantom (D:6)
  11 orc warriors
  3 ice beasts
  3 sky beasts
  A swamp drake (Lair:8)
  6 ogres
  A wasp (Swamp:4)
  3 centaurs
  A crocodile (Lair:3)
  Blork the orc (D:4)
  6 giant frogs
  3 scorpions
  2 wyvern skeletons
  A killer bee (D:13)
  7 wights
  The ghost of M4edhros the Sneak, a weakling OpAr (D:3)
  A quasit (D:10)
  3 hounds
  A giant frog zombie (D:11)
  A centaur zombie (D:8)
  7 orc priests
  Crazy Yiuf (D:2)
  4 orc wizards
  A centaur skeleton (D:11)
  Natasha (D:2)
  7 iguanas
  4 worker ants
  4 sheep (Lair:3)
  Robin (D:2)
  4 gnolls (D:8)
  8 adders
  16 river rats
  A giant gecko (D:8)
  35 orcs
  6 goblins (D:2)
  2 hobgoblins (D:2)
  8 jackals
  A quokka (D:8)
  A bat (D:2)
  A giant newt (D:2)
  A kobold (D:2)
  2 rats (D:2)
  18 giant spores
  A toadstool (Snake:4)
295 creatures vanquished.

Vanquished Creatures (others)
  A deep elf elementalist (Elf:2)
  5 oklob plants
  2 hydras (Swamp:4)
  An anaconda (Snake:2)
  2 shambling mangroves
  A phantasmal warrior (D:14)
  3 ugly things (Swamp:3)
  2 swamp drakes (Swamp:4)
  3 bog bodies
  3 spriggans (Swamp:3)
  4 humans (Snake:4)
  An orc warrior (Orc:2)
  12 wasps
  A necrophage (D:13)
  A giant frog (Lair:4)
  A hound (D:9)
  An orc priest (Orc:2)
  2 orc wizards
  2 worker ant zombies
  2 river rats (Lair:1)
  2 orcs (Orc:2)
  54 wandering mushrooms
  67 ballistomycetes
  55 bushes
  30 fungi
  28 giant spores
  2 hyperactive ballistomycetes (Orc:2)
  53 plants
  1627 toadstools
1968 creatures vanquished.

Grand Total: 3591 creatures vanquished

Notes
Turn   | Place    | Note
--------------------------------------------------------------
     0 | D:1      | M4edhros the Octopode Artificer began the quest for the Orb.
     0 | D:1      | Reached XP level 1. HP: 13/13 MP: 3/3
   396 | D:1      | Reached XP level 2. HP: 16/18 MP: 4/4
   533 | D:2      | Noticed Natasha
   536 | D:2      | Killed Natasha
   536 | D:2      | Reached skill level 4 in Stealth
   536 | D:2      | Reached XP level 3. HP: 16/23 MP: 5/5
   580 | D:2      | Noticed Natasha
   943 | D:3      | Found a faded altar to an unknown god.
  1043 | D:3      | Reached skill level 5 in Stealth
  1046 | D:3      | Noticed M4edhros's ghost (weakling OpAr)
  1057 | D:4      | Found an opulent altar of Gozag.
  1057 | D:4      | Found an oddly glowing altar of Pakellas.
  1057 | D:4      | Noticed Blork the orc
  1058 | D:4      | Found a blossoming altar of Fedhas.
  1059 | D:4      | Found a basalt altar of Yredelemnul.
  1075 | D:4      | Found an iron altar of Okawaru.
  1075 | D:4      | Found a stormy altar of Qazlal.
  1076 | D:4      | Found a white marble altar of Elyvilon.
  1079 | D:4      | Became a worshipper of Fedhas Madash
  1240 | D:1      | Reached XP level 4. HP: 26/28 MP: 6/6
  1448 | D:1      | Reached * piety under Fedhas
  1789 | D:2      | Noticed Robin
  1843 | D:2      | Reached skill level 1 in Invocations
  1846 | D:2      | Killed Robin
  1920 | D:2      | Killed Natasha
  1998 | D:2      | Reached skill level 6 in Stealth
  2103 | D:2      | Found a shattered altar of Ashenzari.
  2184 | D:2      | Noticed Natasha
  2189 | D:2      | Killed Natasha
  2189 | D:2      | Reached XP level 5. HP: 22/33 MP: 7/7
  2301 | D:2      | Noticed Crazy Yiuf
  2308 | D:2      | Killed Crazy Yiuf
  2471 | D:3      | Killed M4edhros's ghost
  2739 | D:3      | Reached skill level 7 in Stealth
  2739 | D:3      | Reached XP level 6. HP: 6/38 MP: 8/8
  2742 | D:3      | Reached ** piety under Fedhas
  3285 | D:4      | Killed Blork the orc
  3528 | D:4      | Reached skill level 8 in Stealth
  3528 | D:4      | Reached XP level 7. HP: 43/43 MP: 10/10
  3578 | D:4      | Found Xelecer's Gadget Shop.
  3595 | D:4      | Found a staircase to the Ecumenical Temple.
  3804 | D:5      | Entered Level 5 of the Dungeon
  3902 | D:5      | Found Ogismap's Book Boutique.
  4126 | D:5      | Found a burning altar of Makhleb.
  4129 | D:5      | Reached skill level 5 in Invocations
  4349 | D:5      | Reached skill level 9 in Stealth
  5145 | D:6      | Reached XP level 8. HP: 48/48 MP: 12/12
  5414 | D:6      | Reached *** piety under Fedhas
  6124 | D:6      | Found a bloodstained altar of Trog.
  6259 | D:7      | Reached skill level 5 in Dodging
  6676 | D:7      | Reached skill level 5 in Evocations
  6676 | D:7      | Reached XP level 9. HP: 19/53 MP: 14/14
  7133 | D:7      | Noticed Duvessa
  7277 | D:7      | Noticed Dowan
  7281 | D:7      | Killed Dowan
  7281 | D:7      | Killed Duvessa
  7319 | D:7      | Reached **** piety under Fedhas
  8195 | D:8      | Noticed a two-headed ogre
  8260 | D:8      | Killed a two-headed ogre
  8304 | D:8      | Reached XP level 10. HP: 39/58 MP: 14/16
  9121 | D:8      | Found a blossoming altar of Fedhas.
  9199 | D:9      | Noticed Gastronok
  9293 | D:9      | Killed Gastronok
  9367 | D:9      | Noticed Erica
  9375 | D:9      | Killed Erica
  9375 | D:9      | Reached skill level 10 in Evocations
  9555 | D:9      | Found Duwn's Armour Shoppe.
  9726 | D:9      | Reached ***** piety under Fedhas
  9782 | D:9      | Reached skill level 10 in Dodging
  9801 | D:9      | Found a roughly hewn altar of Beogh.
  9801 | D:9      | Found a staircase to the Orcish Mines.
 10052 | D:9      | Reached XP level 11. HP: 49/63 MP: 14/18
 10076 | D:10     | Entered Level 10 of the Dungeon
 10135 | D:10     | Noticed an unseen horror
 10137 | D:10     | Killed an unseen horror
 10347 | D:10     | Found a staircase to the Lair.
 10945 | D:11     | Noticed Snorg
 10951 | D:11     | Killed Snorg
 10951 | D:11     | Reached skill level 11 in Evocations
 11024 | D:11     | Noticed Grum
 11033 | D:11     | Killed Grum
 11204 | D:11     | Noticed a hill giant
 11217 | D:11     | Killed a hill giant
 11233 | D:11     | Noticed a hill giant
 11241 | D:11     | Killed a hill giant
 11242 | D:11     | Noticed a brown ugly thing
 11259 | D:11     | Reached skill level 12 in Evocations
 11266 | D:11     | Killed a brown ugly thing
 11383 | D:11     | Noticed a skeletal warrior
 11386 | D:11     | Noticed a skeletal warrior
 11396 | D:11     | Killed a skeletal warrior
 11397 | D:11     | Killed a skeletal warrior
 11398 | D:11     | Noticed a skeletal warrior
 11401 | D:11     | Noticed a white ugly thing
 11409 | D:11     | Killed a skeletal warrior
 11409 | D:11     | Reached skill level 13 in Evocations
 11414 | D:11     | Noticed a skeletal warrior
 11415 | D:11     | Killed a white ugly thing
 11487 | D:11     | Noticed Urug
 11538 | Lair:1   | Entered Level 1 of the Lair of Beasts
 11642 | Lair:1   | Reached XP level 12. HP: 33/68 MP: 10/22
 12020 | Lair:1   | Reached skill level 14 in Evocations
 12367 | Lair:1   | Identified a scroll of acquirement
 12458 | Lair:1   | Noticed Nergalle
 12467 | Lair:1   | Killed Nergalle
 13321 | Lair:2   | Reached skill level 15 in Evocations
 13784 | Lair:3   | Noticed a five-headed hydra
 13790 | Lair:3   | Killed a five-headed hydra
 14663 | Lair:3   | Noticed a four-headed hydra
 14667 | Lair:3   | Killed a four-headed hydra
 14879 | Lair:4   | Reached skill level 16 in Evocations
 15251 | Lair:4   | Identified a +4 rod of clouds (12/12) (You acquired it on level 4 of the Lair of Beasts)
 15374 | Lair:4   | Reached XP level 13. HP: 50/81 MP: 19/25
 15392 | Lair:4   | Reached skill level 5 in Fighting
 15661 | Lair:4   | Reached ****** piety under Fedhas
 16041 | Lair:4   | HP: 4/85 [poisoned by a black mamba]
 16048 | Lair:4   | HP: 4/85 [poisoned by a black mamba]
 16056 | Lair:4   | HP: 4/85 [poisoned by a black mamba]
 16531 | Lair:4   | Found a staircase to the Swamp.
 17123 | Lair:5   | Noticed a fire dragon
 17131 | Lair:5   | Killed a fire dragon
 17297 | Lair:5   | Got a slimy hunting sling
 17298 | Lair:5   | Identified the +6 hunting sling of Bodily Humours {freeze, Str+4} (You found it on level 5 of the Lair of Beasts)
 17307 | Lair:5   | Got a coiled ruby amulet
 17311 | Lair:5   | Identified the Collected Works on Aid
 17321 | Lair:5   | Learned a level 2 spell: Song of Slaying
 17324 | Lair:5   | Learned a level 2 spell: Shroud of Golubria
 17330 | Lair:5   | Identified the amulet "Fetyipau" {Faith rF+ Str+4} (You found it on level 5 of the Lair of Beasts)
 17578 | Orc:1    | Entered Level 1 of the Orcish Mines
 17882 | Orc:2    | Entered Level 2 of the Orcish Mines
 18013 | Orc:2    | Found a staircase to the Elven Halls.
 18106 | Orc:2    | Noticed Nessos
 18134 | Orc:2    | Killed Nessos
 18466 | Orc:2    | Reached skill level 17 in Evocations
 18604 | Orc:2    | Reached skill level 10 in Fighting
 18947 | Orc:2    | Reached XP level 14. HP: 65/99 MP: 19/26
 18999 | Orc:2    | Found Ydammoep's Gadget Shop.
 19001 | Orc:2    | Found Zaphumuo's General Store.
 19005 | Orc:2    | Found Cumabe Sosm's Assorted Antiques.
 19006 | Orc:2    | Found Gaxkamy's Distillery.
 19008 | Orc:2    | Bought a potion of mutation for 37 gold pieces
 19008 | Orc:2    | Bought a potion of mutation for 37 gold pieces
 19008 | Orc:2    | Gained mutation: You are occasionally teleported next to monsters. [potion of mutation]
 19008 | Orc:2    | Gained mutation: Your flesh is cold resistant. [potion of mutation]
 19008 | Orc:2    | Gained mutation: You are dopey. (Int -2) [potion of mutation]
 19009 | Orc:2    | Gained mutation: You are very dopey. (Int -4) [potion of mutation]
 19009 | Orc:2    | Lost mutation: You are very dopey. (Int -4) [potion of mutation]
 19011 | Orc:2    | Bought a glowing cabochon ring for 160 gold pieces
 19395 | D:4      | Bought a +1 rod of inaccuracy (10/10) for 960 gold pieces
 19682 | Lair:5   | Got a crystal war axe
 19683 | Lair:5   | Identified the +7 war axe "Anodof" {flame, Dex+3} (You found it on level 5 of the Lair of Beasts)
 19757 | Lair:5   | Reached skill level 1 in Slings
 19910 | Lair:5   | Found a staircase to the Snake Pit.
 20291 | Lair:5   | Got a translucent spear
 20292 | Lair:5   | Identified the +5 spear of Noq Hiruthra {pierce, rElec} (You found it on level 5 of the Lair of Beasts)
 20717 | Lair:6   | Reached skill level 5 in Slings
 20981 | Lair:6   | Found a staircase to the Slime Pits.
 22611 | Lair:7   | You fall through a shaft!
 22611 | Lair:8   | Entered Level 8 of the Lair of Beasts
 22723 | Lair:8   | Reached skill level 18 in Evocations
 23172 | Lair:8   | Reached XP level 15. HP: 58/103 MP: 16/28
 24782 | Elf:1    | Entered Level 1 of the Elven Halls
 24792 | Elf:1    | Reached skill level 10 in Slings
 25212 | Orc:2    | Bought a potion of cure mutation for 375 gold pieces
 25212 | Orc:2    | Lost mutation: Your flesh is cold resistant. [potion of cure mutation]
 25212 | Orc:2    | Lost mutation: You are occasionally teleported next to monsters. [potion of cure mutation]
 25212 | Orc:2    | Lost mutation: You are dopey. (Int -2) [potion of cure mutation]
 25858 | Orc:2    | Bought a scroll of recharging for 304 gold pieces
 26219 | Elf:1    | Found Uveatsutimm's Jewellery Emporium.
 26489 | Elf:1    | Learned a level 3 spell: Regeneration
 26845 | Elf:1    | Reached skill level 1 in Charms
 26845 | Elf:1    | Reached skill level 1 in Necromancy
 26856 | Elf:1    | Reached skill level 1 in Spellcasting
 26978 | Elf:2    | Reached skill level 10 in Stealth
 26994 | Elf:2    | Noticed a deep elf sorcerer
 26996 | Elf:2    | Noticed a deep elf sorcerer
 27005 | Elf:2    | Killed a deep elf sorcerer
 27034 | Elf:2    | Killed a deep elf sorcerer
 27077 | Elf:3    | Entered Level 3 of the Elven Halls
 27341 | Elf:3    | Noticed a deep elf blademaster
 27347 | Elf:3    | Noticed a deep elf elementalist
 27360 | Elf:3    | Killed a deep elf blademaster
 27363 | Elf:3    | Killed a deep elf elementalist
 27442 | Elf:3    | Reached XP level 16. HP: 35/109 MP: 3/29
 27479 | Elf:3    | Noticed a deep elf master archer
 27489 | Elf:3    | Killed a deep elf master archer
 27499 | Elf:3    | Noticed a deep elf blademaster
 27544 | Elf:3    | Noticed a deep elf master archer
 27545 | Elf:3    | Noticed a Shadow Fiend
 27587 | Elf:3    | Killed a deep elf blademaster
 27594 | Elf:3    | Killed a ghostly deep elf blademaster
 27603 | Elf:3    | Killed a deep elf master archer
 27616 | Elf:3    | Reached skill level 19 in Evocations
 27635 | Elf:3    | Killed a ghostly deep elf master archer
 28135 | Elf:3    | Identified the Reference Book on Moulding
 28162 | Elf:3    | Got a pitted hunting sling
 28163 | Elf:3    | Identified the cursed +1 hunting sling "Itirol" {velocity, *Drain rN+ Int+8 Dex+3} (You found it on level 3 of the Elven Halls)
 28198 | Elf:3    | Got an ancient granite ring
 28200 | Elf:3    | Identified the ring "Ynyutid" {Dex+4 Stlth-} (You found it on level 3 of the Elven Halls)
 28329 | Elf:3    | Gained mutation: You have a beak for a mouth. [helix card]
 28455 | Elf:3    | Got a brightly glowing falchion {slice}
 28456 | Elf:3    | Identified the +11 falchion "Ihiom" {slice, rC+ Dex+4} (You took it off a deep elf death mage on level 3 of the Elven Halls)
 28951 | D:11     | Killed Urug
 29648 | D:12     | Reached skill level 1 in Polearms
 30300 | D:13     | Noticed Sonja
 30314 | D:13     | Killed Sonja
 30542 | D:13     | Noticed Azrael
 30557 | D:13     | Killed Azrael
 30557 | D:13     | Reached skill level 5 in Spellcasting
 30877 | D:14     | Gained mutation: You are partially covered in large bone plates (AC +2, SH +2). [mutagenic meat]
 30956 | D:14     | Found a glowing golden altar of the Shining One.
 31175 | D:14     | Found Ceddyodgh's Jewellery Shop.
 31341 | D:14     | Reached XP level 17. HP: 103/115 MP: 26/30
 31468 | D:14     | HP: 5/115 [yaktaur captain/bolt (41)]
 31794 | D:14     | Gained mutation: You have a pair of small antennae on your head. [mutagenic meat]
 32203 | D:15     | Entered Level 15 of the Dungeon
 32256 | D:15     | Found a labyrinth entrance.
 32270 | D:15     | Found Aplus's Assorted Antiques.
 32290 | D:15     | Found Ruskual's Jewellery Boutique.
 32303 | D:15     | Found Kickoa's Distillery.
 32409 | D:15     | Found Utor's Distillery.
 32606 | D:15     | Reached skill level 15 in Stealth
 32710 | D:15     | Found a staircase to the Depths.
 33103 | Depths:1 | Entered Level 1 of the Depths
 33208 | Depths:1 | Found a gateway to Hell.
 33267 | Depths:1 | Found a one-way gate to the infinite horrors of the Abyss.
 33338 | Depths:1 | Gained mutation: You have a pair of antennae on your head. [potion of mutation]
 33338 | Depths:1 | Gained mutation: You tend to lose your temper in combat. [potion of mutation]
 33338 | Depths:1 | Lost mutation: You have a beak for a mouth. [potion of mutation]
 33339 | Depths:1 | Gained mutation: You possess an exceptional clarity of mind. [potion of mutation]
 33339 | Depths:1 | Gained mutation: You are weak. (Str -2) [potion of mutation]
 33411 | Depths:1 | Found a magical portal.
 33425 | WizLab   | Entered Zonguldrok's Shrine
 33906 | WizLab   | Noticed an ancient champion
 34027 | WizLab   | Killed an ancient champion
 34074 | WizLab   | Noticed an antique lich
 34092 | WizLab   | Learned a level 3 spell: Mephitic Cloud
 34133 | WizLab   | Killed an antique lich
 34133 | WizLab   | Reached skill level 5 in Polearms
 34766 | Depths:1 | Reached XP level 18. HP: 121/121 MP: 31/31
 34774 | Depths:1 | Reached skill level 20 in Evocations
 34956 | Depths:1 | Lost mutation: You are weak. (Str -2) [mutagenic meat]
 34957 | Depths:1 | Gained mutation: You are partially covered in rough black scales (AC +4, Dex -1). [mutagenic meat]
 35773 | Swamp:1  | Entered Level 1 of the Swamp
 36716 | Swamp:2  | Noticed Donald
 36737 | Swamp:2  | Killed Donald
 37862 | Swamp:3  | Gained mutation: You are robust (+10% HP). [mutagenic meat]
 37863 | Swamp:3  | Lost mutation: You are robust (+10% HP). [mutagenic meat]
 37864 | Swamp:3  | Lost mutation: You tend to lose your temper in combat. [mutagenic meat]
 37865 | Swamp:3  | Gained mutation: Potions and wands are less effective at restoring your health. [mutagenic meat]
 38156 | Swamp:4  | Entered Level 4 of the Swamp
 38453 | Swamp:4  | Noticed the 27-headed Lernaean hydra
 38467 | Swamp:4  | Noticed Nikola
 38473 | Swamp:4  | Killed the 27-headed Lernaean hydra
 38477 | Swamp:4  | Killed Nikola
 38950 | Swamp:4  | Reached skill level 15 in Dodging
 38971 | Swamp:4  | Got a decaying rune of Zot
 39244 | Snake:1  | Entered Level 1 of the Snake Pit
 39420 | Snake:1  | Reached skill level 21 in Evocations
 39420 | Snake:1  | Reached XP level 19. HP: 120/126 MP: 29/33
 39847 | Snake:1  | Gained mutation: One of your tentacles bears a spike. [potion of mutation]
 40738 | Snake:2  | Found Zolera's General Store.
 40920 | Snake:2  | Bought a potion of mutation for 42 gold pieces
 40920 | Snake:2  | Gained mutation: Your natural rate of healing is unusually fast. [potion of mutation]
 40920 | Snake:2  | Gained mutation: You evolve. [potion of mutation]
 40920 | Snake:2  | Lost mutation: You evolve. [potion of mutation]
 41902 | Snake:4  | Entered Level 4 of the Snake Pit
 41935 | Snake:4  | Noticed Kirke
 41941 | Snake:4  | Killed Kirke
 42292 | Snake:4  | Reached skill level 22 in Evocations
 43000 | Snake:4  | Reached XP level 20. HP: 132/132 MP: 35/35
 43288 | Snake:4  | Found Fiffoo's Weapon Boutique.
 43339 | Snake:4  | Noticed Vashnia
 43362 | Snake:4  | Killed Vashnia
 43906 | Snake:4  | Gained mutation: You are agile. (Dex +2) [mutagenic meat]
 43907 | Snake:4  | Gained mutation: One of your tentacles bears a nasty spike. [mutagenic meat]
 44444 | Snake:4  | Gained mutation: You are resistant to electric shocks. [mutagenic meat]
 44445 | Snake:4  | Gained mutation: Your flesh is cold resistant. [mutagenic meat]
 44447 | Snake:4  | Lost mutation: You are agile. (Dex +2) [mutagenic meat]
 44448 | Snake:4  | Gained mutation: You are agile. (Dex +2) [mutagenic meat]
 44801 | Snake:4  | Reached skill level 23 in Evocations
 44908 | Snake:4  | Got a serpentine rune of Zot
 45437 | D:14     | Found a gate to the Vaults.
 46589 | Elf:2    | Got a steaming war axe
 46590 | Elf:2    | Identified the +6 war axe of Sulphur {drain, -Tele rN+ Int+4 Dex+3} (You found it on level 2 of the Elven Halls)
 46727 | Elf:2    | Reached XP level 21. HP: 132/137 MP: 34/36
 46734 | Elf:2    | Found a runed gate.
 46734 | Elf:2    | Found a runed gate.
 46734 | Elf:2    | Found a runed gate.
 47221 | Elf:2    | Killed from afar by a deep elf knight

Vault maps used:
D:1:      dpeg_arrival_subterranean_lakeside_camping
D:2:      evilmike_ruin_ashenzari, first_bread, uniq_crazy_yiuf_cottage,
          uniq_natasha, uniq_robin
D:3:      ecumenical_altar_1
D:4:      grunt_temple_overflow_open, minmay_temple_entry_statues_pillars,
          serial_shops, shop, uniq_blork_the_orc
D:5:      serial_shops, shop, minmay_crystal_water, makhleb_blood_cavern_becter
D:6:      trog_book
D:7:      the_bakery, uniq_duvessa
D:8:      minmay_liquid_box, fedhas_altar_4
D:9:      minmay_klotski, david_orc_5, serial_shops, nicolae_shop_behind_doors,
          uniq_gastronok, uniq_erica
D:10:     david_lair_shrubbed, hangedman_decor_diamond_cutter
D:11:     serial_bayou_pond_c, uniq_grum, uniq_snorg, uniq_urug
D:13:     uniq_azrael, uniq_sonja
D:14:     cross_vault, david_vaults_4, serial_shops, nicolae_shop_waterfront,
          tso_metal_star
D:15:     grunt_enter_depths_hoard, lab_entry_generic, serial_shops,
          nicolae_shop_temple_entry_statues_fountains, nicolae_shop_stone, shop,
          nicolae_shop_window_shopping, nicolae_water_bricks
Lair:1:   hangedman_lair_unloving_vines, lemuel_fruit_fields,
          infiniplex_staircase_pool_2, uniq_nergalle
Lair:3:   eino_small_chamber_without_monster, serial_bayou_shore_b
Lair:4:   minmay_swamp_entry_worms
Lair:5:   dragon1_lemuel, guppyfry_snake_entry_garden, beast_lair_carwin_11
Lair:6:   kennysheep_rathole, slime_dummy, infiniplex_staircase_pool
Lair:8:   guppyfry_lair_end_dragon, grunt_forest_large_clearing_hut
Swamp:1:  hangedman_swamp_ruin_wall
Swamp:2:  evilmike_swamp_ruin_house_2, uniq_donald
Swamp:3:  evilmike_swamp_ruin_rubble_2
Swamp:4:  swamp, uniq_nikola
Snake:2:  serial_shops, shop
Snake:3:  spider_trap, serial_bayou_crossing, grunt_megastairs_3
Snake:4:  grunt_snake_rune_spirals, serial_shops, nicolae_shop_behind_doors,
          serial_bayou_lagoon_a, uniq_vashnia, uniq_kirke
Orc:2:    st_orc_pillars, uniq_nessos
Elf:1:    eino_elf_arrival_customs, serial_shops, shop, hangedman_elf_represent,
          item_on_display_a
Elf:2:    minivault_24
Elf:3:    elf_hall
Depths:1: mu_enter_wizlab_7, hell_entry, abyss_entry, minmay_hedge_maze,
          kennysheep_generic_room_12
Depths:2: minmay_thick_lines, hell_entry, hangedman_decor_riveting
WizLab:   wizlab_zonguldrok

Action                   |  1- 3 |  4- 6 |  7- 9 | 10-12 | 13-15 | 16-18 | 19-21 || total
-------------------------+-------+-------+-------+-------+-------+-------+-------++-------
Melee: Short sword       |    41 |     4 |       |       |       |       |       ||    45
       Dagger            |       |    59 |    33 |     2 |       |       |       ||    94
       Quarterstaff      |       |    64 |    67 |       |       |       |       ||   131
       Rapier            |       |       |    76 |   177 |    87 |       |       ||   340
       Rod               |       |       |       |     5 |     3 |     3 |       ||    11
       War axe           |       |       |       |       |    25 |       |       ||    25
       Trident           |       |       |       |       |     7 |       |       ||     7
       Glaive            |       |       |       |       |       |   206 |   372 ||   578
       Falchion          |       |       |       |       |       |    11 |       ||    11
 Fire: Hunting sling     |       |       |    13 |   276 |  1158 |   747 |   472 ||  2666
Throw: Stone             |       |       |       |       |     1 |       |       ||     1
 Cast: Regeneration      |       |       |       |       |     3 |    27 |    75 ||   105
       Shroud of Golubri |       |       |       |       |       |     1 |     7 ||     8
       Song of Slaying   |       |       |       |       |       |       |     1 ||     1
Invok: Evolution         |       |     3 |     2 |    15 |    18 |    16 |    16 ||    70
       Sunlight          |       |       |     3 |     3 |     5 |    39 |    70 ||   120
       Reproduction      |       |       |       |     2 |     7 |    10 |     2 ||    21
       Rain              |       |       |       |       |     4 |     2 |       ||     6
       Growth            |       |       |       |       |     1 |       |       ||     1
Evoke: Wand              |     4 |     8 |     3 |    12 |    18 |    16 |    21 ||    82
       Rod               |       |       |    22 |    79 |   133 |   337 |   265 ||   836
       Deck              |       |       |       |       |       |     5 |       ||     5
       Lamp of fire      |       |       |       |       |       |     1 |     3 ||     4
       Phantom mirror    |       |       |       |       |       |     1 |       ||     1
       Fan of gales      |       |       |       |       |       |       |     4 ||     4
       Sack of spiders   |       |       |       |       |       |       |     1 ||     1
  Use: Potion            |       |     7 |     5 |     4 |    10 |     5 |    10 ||    41
       Scroll            |       |       |    10 |     9 |    10 |    16 |     9 ||    54
 Stab: Sleeping          |    10 |    11 |    23 |    24 |     7 |    10 |    14 ||    99
       Distracted        |       |       |     2 |     1 |     1 |     1 |     6 ||    11
       Confused          |       |       |       |     2 |     1 |       |     7 ||    10
       Paralysed         |       |       |       |       |     4 |       |       ||     4
  Eat: Chunk             |     1 |       |       |       |     6 |    13 |    22 ||    42
       Royal jelly       |       |     1 |       |     1 |       |     2 |       ||     4
       Meat ration       |       |     1 |     2 |     3 |     4 |     4 |     2 ||    16
       Bread ration      |       |       |     2 |     1 |     6 |     6 |     5 ||    20
       Beef jerky        |       |       |       |       |     2 |     1 |       ||     3
       Pizza             |       |       |       |       |     1 |     4 |     3 ||     8
